 Dungeon Crawl Stone Soup version 0.29.0-5-ge4962eb29e (webtiles) character file.

Game seed: 9213418790937779539

118 ImASeal the Covert (level 5, 0/34 HPs)
             Began as an Octopode Brigand on Aug 29, 2022.
             Slain by a gnoll
             ... wielding a +0 flail
              (9 damage)
             ... on level 4 of the Dungeon.
             The game lasted 00:07:11 (2381 turns).

ImASeal the Covert (Octopode Brigand)               Turns: 2381, Time: 00:07:12

Health: 0/34       AC:  1    Str: 10    XL:     5   Next: 2%
Magic:  5/5        EV: 13    Int: 13    God:
Gold:   199        SH:  0    Dex: 16    Spells: 4/4 levels left

rFire   + . .      SeeInvis .   a - +2 dagger
rCold   + . .      Faith    .   (no shield)
rNeg    . . .      Spirit   .   (helmet restricted)
rPois   +          Reflect  .   (no amulet)
rElec   +          Harm     .   (no ring)
rCorr   +          Rampage  .   (no ring)
Will    .....                   (no ring)
Stlth   +++++.....              (no ring)
HPRegen 0.11/turn               (no ring)
MPRegen 0.09/turn               (no ring)
                                (no ring)
                                (no ring)

@: resistant
A: almost no armour, amphibious, 8 rings, camouflage 1, gelatinous body 1,
(nimble swimmer 1), tentacles
a: no special abilities


You were on level 4 of the Dungeon.
You visited 1 branch of the dungeon, and saw 4 of its levels.

You collected 199 gold pieces.

Inventory:

Hand Weapons
 a - a +2 dagger (weapon)
Missiles
 b - 9 poisoned darts (quivered)
 c - 3 curare-tipped darts
 f - a throwing net
Armour
 j - a +0 cloak
Scrolls
 d - 4 scrolls of identify
 g - 2 scrolls of poison {unknown}
 l - a scroll of enchant weapon {unknown}
 m - a scroll of enchant armour {unknown}
 n - a scroll of immolation
 p - 2 scrolls of amnesia {unknown}
Potions
 e - 3 potions of curing {unknown}
 h - a potion of might {unknown}
 i - a potion of resistance
 k - 2 potions of haste {unknown}
 q - a potion of heal wounds {unknown}
 r - a potion of magic {unknown}


   Skills:
 - Level 2.0 Fighting
 - Level 2.0 Short Blades
 - Level 2.0 Throwing
 - Level 1.0 Dodging
 + Level 8.6 Stealth


You had 4 spell levels left.
You didn't know any spells.
Your spell library contained the following spells:

 Spells                   Type           Power      Damage    Failure   Level
 Confusing Touch          Hex            0%         N/A       67%         3
 Olgreb's Toxic Radiance  Pois           0%         N/A       97%         4
 Yara's Violent Unravell  Hex/Tmut       0%         3d3       100%        5
 Enfeeble                 Hex            0%         N/A       100%        7
 Ozocubu's Refrigeration  Ice            0%         4d7       100%        7
 Ignition                 Fire           0%         3d3       100%        8


Dungeon Overview and Level Annotations

Branches:
Dungeon (4/15)
 Temple: D:4-7

Altars:
The Shining One

Annotations:
D:3 1 transporter, tensugalgo's ghost, amateur KoCK


Innate Abilities, Weirdness & Mutations

You cannot wear most types of armour.
You are amphibious.
You can wear up to eight rings at the same time.
Your skin changes colour to match your surroundings (Stealth+).
Your rubbery body absorbs attacks. (AC +1, EV +1)
((You are camouflaged when in or above water. (Stealth+)))
You have tentacles for arms and can constrict up to eight enemies at once.


Message History

Found a short sword.
There is a stone staircase leading up here.
An adder is nearby!
The helpless adder fails to defend itself.
You spit the adder like a pig!!!
You kill the adder!
You have reached level 5!
You feel agile.
A gnoll comes into view. It is wielding a +0 flail.
A gnoll comes into view. It is wielding a +0 flail.
A gnoll comes into view. It is wielding a +0 spear.
The gnoll shouts! x2
The teleport trap disappears.
The gnoll disappears!
A gnoll comes into view. It is wielding a +0 halberd.
A kobold comes into view. It is wielding a +0 whip.
The gnoll throws a throwing net.
The throwing net hits you.
You become entangled in the net!
You see here a throwing net.
You struggle against the net.
Unknown command.
Unknown command.
Unknown command.
You struggle against the net.
You struggle against the net.
You rip the net and break free!
The gnoll closely misses you. The gnoll attacks as you move away!
The gnoll hits you with a +0 flail! The gnoll attacks as you move away!
The gnoll barely misses you.
As you read the scroll labelled QOESUN KYRE, it crumbles to dust.
It is a scroll of identify.
n - a scroll of immolation The gnoll misses you.
The gnoll barely misses you.
As you read the scroll labelled TIKYES LAULAC, it crumbles to dust.
Wisps of shadow whirl around you...
It was a scroll of summoning.
The gnoll hits you with a +0 flail!
The gnoll hits you from afar with a +0 halberd!
* * * LOW HITPOINT WARNING * * *
It was a potion of resistance.
You feel protected. The gnoll hits you with a +0 flail!
You die...

.......###.........
#........<.........
###....#...........
#....#...........
#....#......#####
.......h.K..+
..........+
.#.####g### #.
#hg@# # #####


You could see 2 gnolls and 2 friendly jackals.

Vanquished Creatures
  An orc wizard (D:3)
  4 adders
  3 worms
  A dart slug (D:1)
  3 orcs (D:3)
  A ball python (D:3)
  4 bats
  7 endoplasms
  3 goblins
  5 hobgoblins
  A quokka (D:1)
  3 frilled lizards (D:1)
  3 kobolds
  3 rats
42 creatures vanquished.

Vanquished Creatures (others)
  A plant (D:4)
1 creature vanquished.

Grand Total: 43 creatures vanquished

Notes
Turn   | Place    | Note
-------+----------+-------------------------------------------
     0 | D:1      | ImASeal the Octopode Brigand began the quest for the Orb.
     0 | D:1      | Reached XP level 1. HP: 14/14 MP: 1/1
   179 | D:1      | Reached skill level 6 in Stealth
   179 | D:1      | Reached XP level 2. HP: 19/19 MP: 2/2
   865 | D:2      | Reached XP level 3. HP: 24/24 MP: 3/3
   945 | D:2      | Reached skill level 7 in Stealth
  1262 | D:2      | Reached XP level 4. HP: 26/29 MP: 4/4
  1571 | D:3      | Found a transporter.
  1578 | D:3      | Noticed tensugalgo's ghost (amateur KoCK)
  1580 | D:3      | Noticed an ogre
  1582 | D:3      | Noticed an ogre
  1621 | D:3      | Reached skill level 8 in Stealth
  1937 | D:3      | Found a glowing golden altar of the Shining One.
  2357 | D:4      | Reached XP level 5. HP: 34/34 MP: 5/5
  2381 | D:4      | Slain by a gnoll

Illustrated notes

Levels and vault maps discovered:
D:1:      saegor_arrival_under_anarchy, layout_basic
D:2:      layout_basic, minmay_curled_crystal
D:3:      layout_basic, tso_altar, gammafunk_ghost_smash
D:4:      cheibrodos_old_hovel, layout_basic, lemuel_crystal_altar,
          minmay_temple_entry_mini_moons, kennysheep_opposing_triangles

Skill      XL: |  1  2  3  4 |
---------------+-------------+-----
Stealth        | 6 7 8 |  8.6
Fighting       | |  2.0
Short Blades   | |  2.0
Throwing       | |  2.0
Dodging        | |  1.0

Action                   |  1- 3 |  4- 6 || total
-------------------------+-------+-------++-------
Melee: Dagger            |    48 |    21 ||    69
       Tentacles         |    10 |     6 ||    16
       Constrict         |     9 |     6 ||    15
  Use: Scroll            |       |     2 ||     2
       Potion            |       |     1 ||     1
 Stab: Sleeping          |    10 |     5 ||    15
       Distracted        |     1 |       ||     1
Armor: Skin              |     5 |     1 ||     6
Dodge: Dodged            |    22 |    12 ||    34
